 Dungeon Crawl Stone Soup version 0.30.0-5-g1a98f26d00 (webtiles) character file.

Game seed: 14163876428874212277

132 monsoonserge the Covert (level 4, -4/23 HPs)
             Began as a Spriggan Delver on May 12, 2023.
             Slain by a two-headed ogre
             ... wielding a +0 giant spiked club
              (27 damage)
             ... on level 9 of the Dungeon.
             The game lasted 00:02:41 (293 turns).

monsoonserge the Covert (Spriggan Delver)            Turns: 293, Time: 00:02:41

Health: -4/23      AC:  2    Str:  8    XL:     4   Next: 92%
Magic:  5/5        EV: 18    Int: 11    God:
Gold:   29         SH:  0    Dex: 18    Spells: 3/3 levels left

rFire   . . .        i - +0 rapier
rCold   . . .        (no shield)
rNeg    . . .        b - +0 robe
rPois   .            (helmet restricted)
rElec   .            (no cloak)
rCorr   .            (gloves unavailable)
SInv    +            (boots unavailable)
Will    .....        (no amulet)
Stlth   ++++         (no ring)
HPRegen 0.23/turn    (no ring)
MPRegen 0.09/turn

%: no passive effects
@: slowed, quick
A: very small, no large weapons, unfitting armour, see invisible, speed 3
a: no special abilities


You were on level 9 of the Dungeon.
You visited 1 branch of the dungeon, and saw 6 of its levels.

You collected 29 gold pieces.

Inventory:

Hand Weapons
 a - a +0 short sword
 i - a +0 rapier (weapon)
Missiles
 j - 4 poisoned darts (quivered)
Armour
 b - a +0 robe (worn)
Wands
 g - a wand of digging (3)
Scrolls
 c - a scroll of fog
 d - a scroll of magic mapping
 e - a scroll of fear
 h - a scroll of enchant weapon {unknown}
 k - a scroll of enchant armour {unknown}
Potions
 f - a potion of haste


   Skills:
 + Level 2.9 Fighting
 + Level 2.3 Short Blades
 + Level 3.1 Dodging
 + Level 9.7 Stealth


You had 3 spell levels left.
You didn't know any spells.
Your spell library was empty.

Dungeon Overview and Level Annotations

Branches:
Dungeon (9/15)
 Temple: D:4-7         Lair: D:8-11         Orc: D:9-12

Altars:
Yredelemnul

Annotations:
D:4 Edmund
D:5 Pikel
D:8 Erica


Innate Abilities, Weirdness & Mutations

You are very small and have problems with some larger weapons.
You are too small for most types of armour.
You have supernaturally acute eyesight. (SInv)
You cover ground extremely quickly. (Speed+++)


Message History

Erica gestures at you while chanting.
You feel yourself slow down.
Erica screams, "Die!"
Erica gestures at you while chanting. You resist with significant effort.
A gnoll sergeant comes into view. It is wielding a +2 heavy trident.
Erica mumbles some strange words.
Erica flickers and vanishes for a moment.
You see here 4 gold pieces.
You open the door.
Found a scroll labelled FUNYIF YTOETZ.
There is an open door here.
Found a stone staircase leading down.
You close the door.
Found 34 gold pieces.
Found a basalt altar of Yredelemnul.
A gnoll sergeant opens the door.
You see here a scroll labelled FUNYIF YTOETZ.
k - a scroll labelled FUNYIF YTOETZ A bullfrog comes into view.
Found 27 gold pieces.
Found 14 gold pieces.
Found 9 gold pieces.
There is a stone staircase leading down here.
You climb downwards.
Found a small glass ring and a leather armour.
Found a stone staircase leading up.
There is a stone staircase leading up here.
The helpless water moccasin fails to defend itself.
You stick the water moccasin like a pincushion!!!
You kill the water moccasin!
Your Dodging skill increases to level 3!
Your Stealth skill increases to level 9!
You have reached level 4!
The two-headed ogre shouts in stereo!
The two-headed ogre misses you. The two-headed ogre closely misses you.
You hit the two-headed ogre.
The two-headed ogre is lightly wounded.
The two-headed ogre hits you with a +0 giant spiked club!!
Ouch! That really hurt!
You die...

#####+########
......O...[..#
.......@.....+
..........<..#
.............#
........<....#
............=#
.............#
##############


You could see a two-headed ogre.

Vanquished Creatures
  A water moccasin (D:9)
  A jelly (D:4)
2 creatures vanquished.

Notes
Turn   | Place    | Note
-------+----------+-------------------------------------------
     0 | D:5      | monsoonserge the Spriggan Delver began the quest for the
                  | Orb.
     0 | D:5      | Reached XP level 1. HP: 11/11 MP: 2/2
    24 | D:5      | Noticed an ogre
    63 | D:5      | Noticed a lemure
    64 | D:5      | Noticed a lemure
    64 | D:5      | Noticed a lemure
    64 | D:5      | Noticed a lemure
    65 | D:5      | Noticed Pikel
   106 | D:4      | Noticed a wyvern
   133 | D:4      | Noticed an iguana
   153 | D:4      | Noticed a jelly
   160 | D:4      | Killed a jelly
   161 | D:4      | Reached skill level 8 in Stealth
   161 | D:4      | Reached XP level 2. HP: 16/16 MP: 3/3
   161 | D:4      | Reached XP level 3. HP: 19/19 MP: 4/4
   163 | D:4      | Noticed Edmund
   179 | D:5      | Noticed an ogre
   187 | D:6      | Noticed a gnoll sergeant
   197 | D:7      | Noticed an ogre
   260 | D:8      | Noticed Erica
   267 | D:8      | Noticed a wyvern
   270 | D:8      | Noticed a gnoll sergeant
   279 | D:8      | Found a basalt altar of Yredelemnul.
   281 | D:8      | Noticed a bullfrog
   288 | D:9      | Noticed a water moccasin
   288 | D:9      | Noticed a two-headed ogre
   289 | D:9      | Killed a water moccasin
   290 | D:9      | Reached skill level 9 in Stealth
   290 | D:9      | Reached XP level 4. HP: 23/23 MP: 5/5
   293 | D:9      | Slain by a two-headed ogre

Illustrated notes

Levels and vault maps discovered:
D:4:      layout_basic, minivault_14, uniq_robin, uniq_natasha, uniq_edmund,
          uniq_duvessa
D:5:      layout_gridville, grunt_temple_overflow_open, serial_shops,
          nicolae_shop_window_shopping, uniq_pikel
D:6:      layout_loops_corners, tso_metal_star, minmay_temple_entry_arrows
D:7:      layout_gridville, lemuel_crystal_altar, chequers_jeans
D:8:      layout_basic, amcnicky_altar_gilded,
          lightli_ossuary_entry_decrepit_ruins, enter_bailey_2, uniq_grum,
          uniq_erica, uniq_psyche
D:9:      layout_roguey, minmay_strange_pillars

Skill      XL: |  1  2  3 |
---------------+----------+-----
Stealth        | 8 9 |  9.7
Dodging        | 3 |  3.1
Fighting       | |  2.9
Short Blades   | |  2.3

Action                     |  1- 3 |  4- 6 || total
---------------------------+-------+-------++-------
  Melee: Short sword       |     1 |       ||     1
         Rapier            |     1 |     1 ||     2
   Stab: Sleeping          |     2 |       ||     2
  Dodge: Dodged            |     8 |     2 ||    10
